 Dungeon Crawl Stone Soup version 0.24.0-13-gcf9b319 (webtiles) character file.

Game seed: 2330379856382802398, levelgen mode: deterministic

3689 southernslant the Vandal (level 10, -56/66 HPs)
             Began as a Halfling Skald on Jan 15, 2020.
             Was a Follower of Sif Muna.
             Annihilated by a titanic slime creature (75 damage)
             ... on level 8 of the Dungeon.
             The game lasted 00:51:24 (8381 turns).

southernslant the Vandal (Halfling Skald)           Turns: 8381, Time: 00:51:24

Health: -56/66     AC:  9    Str: 14    XL:     10   Next: 35%
Magic:  11/17      EV: 17    Int: 14    God:    Sif Muna [*.....]
Gold:   392        SH:  0    Dex: 15    Spells: 10/18 levels left

rFire    . . .     SeeInvis .   D - +0 rapier (drain)
rCold    . . .     Gourm    .   (shield restricted)
rNeg     . . .     Faith    .   z - +2 leather armour of the Morning {Int+2 Stlth+}
rPois    .         Spirit   .   B - +0 helmet
rElec    .         Reflect  .   (no cloak)
rCorr    .         Harm     .   u - +0 pair of gloves
MR       .....                  h - +0 pair of boots
Stlth    ++........             g - amulet of magic regeneration
HPRegen  1.21/turn              (no ring)
MPRegen  0.40/turn              (no ring)

@: shrouded, infused, singing, regenerating
A: small, mutation resistance 1
a: Channel Magic, Renounce Religion


You were on level 8 of the Dungeon.
You worshipped Sif Muna.
Sif Muna was aware of your devotion.
You were not hungry.

You visited 2 branches of the dungeon, and saw 9 of its levels.

You collected 392 gold pieces.

Inventory:

Hand Weapons
 f - a +0 hunting sling
 D - a +0 rapier of draining (weapon)
Missiles
 e - 265 stones
 i - 7 boomerangs
 t - 8 atropa-tipped darts (quivered)
 x - 10 poisoned darts
 G - 11 sling bullets
Armour
 b - a +0 leather armour
 h - a +0 pair of boots (worn)
 u - a +0 pair of gloves (worn)
 z - the +2 leather armour of the Morning (worn) {Int+2 Stlth+}
   (You took it off an orc on level 6 of the Dungeon)

   It affects your intelligence (+2).
   It makes you more stealthy.
 A - a +0 animal skin
 B - a +0 helmet (worn)
 C - a +0 ring mail
Jewellery
 g - an amulet of magic regeneration (around neck)
 s - an uncursed amulet of the acrobat
 F - an uncursed amulet of the acrobat
Wands
 p - a wand of paralysis (6)
 q - a wand of iceblast (8)
Scrolls
 a - a scroll of random uselessness {unknown}
 c - a scroll of noise {unknown}
 j - 3 scrolls of remove curse {unknown}
 k - 3 scrolls of identify
 m - a scroll of blinking {unknown}
 n - 4 scrolls of teleportation
 o - 3 scrolls of fear {unknown}
 r - 3 scrolls of amnesia {unknown}
 w - a scroll of enchant armour {unknown}
 y - 2 scrolls of magic mapping {unknown}
Potions
 l - a potion of flight
 v - a potion of brilliance
 H - a potion of heal wounds
Comestibles
 d - 11 rations
 E - a chunk of flesh


   Skills:
 + Level 5.3 Fighting
 + Level 5.1 Short Blades
 + Level 6.6 Slings
 + Level 5.4 Armour
 + Level 5.5 Dodging
 * Level 4.7 Spellcasting
 + Level 5.0 Charms
 * Level 5.1 Translocations
 * Level 4.2 Invocations


You had 10 spell levels left.
You knew the following spells:

 Your Spells              Type           Power        Failure   Level  Hunger
a - Infusion              Chrm           ###.         2%          1    None
b - Song of Slaying       Chrm           ###.....     4%          2    ##.....
c - Shroud of Golubria    Chrm/Tloc      ###...       4%          2    ##.....
d - Regeneration          Chrm/Necr      ##........   24%         3    ###....

Your spell library contained the following spells:

 Spells                   Type           Power        Failure   Level  Hunger
 Freeze                   Ice            #...         22%         1    None
 Ozocubu's Armour         Chrm/Ice       ##......     24%         3    ###....
 Spectral Weapon          Hex/Chrm       ##......     24%         3    ###....
 Throw Frost              Conj/Ice       #.....       32%         2    ##.....
 Summon Ice Beast         Ice/Summ       #.......     91%         4    ####...
 Throw Icicle             Conj/Ice       #.......     91%         4    ####...


Dungeon Overview and Level Annotations

Branches:
Dungeon (8/15)             Temple (1/1) D:6
   Lair: D:8-11

Altars:
Ashenzari
Cheibriados
Dithmenos
Elyvilon
Fedhas
Gozag
Hepliaklqana
Kikubaaqudgha
Makhleb
Nemelex Xobeh
Okawaru
Qazlal
Ru
Sif Muna
Uskayaw
Vehumet
Wu Jian
Xom
Yredelemnul
Zin
The Shining One

Annotations:
D:2 1 runed translucent door, Crazy Yiuf


Innate Abilities, Weirdness & Mutations

You are small and have problems with some larger weapons.
You are somewhat resistant to further mutation.


Message History

The enormous slime creature hits you!!!
Ouch! That really hurt!
* * * LOW HITPOINT WARNING * * *
You hit the enormous slime creature!
The enormous slime creature is lightly wounded.
A slime creature comes into view.
The enormous slime creature closely misses you.
You hit the enormous slime creature. You drain the enormous slime creature.
The enormous slime creature is lightly wounded.
The enormous slime creature completely misses you.
Casting: Infusion (safe; 2% risk of failure)
Confirm with . or Enter, or press ? or * to list all spells.
Your skin crawls.
Two slime creatures merge to form a titanic slime creature.
Casting: Regeneration (safe; 24% risk of failure)
Confirm with . or Enter, or press ? or * to list all spells.
Space distorts slightly along a thin shroud covering your body.
The titanic slime creature hits you!!!!
Ouch! That really hurt!
You die...

#.######
#.J..).#
#.# #.#
#J# #@#
#.# #.#
#.# #..
... #.#
#.. ....
## #.#
... ...
.. #.#
.....#
#. #.#
#.#.# #.
#.# ...#
#.


You could see a titanic slime creature.

Vanquished Creatures
  Harold (D:8)
  A two-headed ogre (D:8)
  Eustachio (D:6)
  A water moccasin (D:8)
  An orc warrior (D:8)
  A sky beast (D:7)
  2 phantoms
  An ogre (D:8)
  6 bullfrogs
  A water moccasin skeleton (D:4)
  5 killer bees (D:8)
  A howler monkey (D:7)
  2 crimson imps
  A centaur zombie (D:8)
  A hound (D:6)
  3 jellies
  A centaur skeleton (D:6)
  4 orc wizards
  2 orc priests (D:6)
  An iguana (D:4)
  Terence (D:3)
  7 worker ants
  2 hound zombies (D:6)
  A hound skeleton (D:5)
  A worker ant zombie (D:5)
  Robin (D:2)
  10 gnolls
  7 adders
  An ooze (D:4)
  An adder skeleton (D:7)
  3 worms
  3 dart slugs
  6 leopard geckos
  30 orcs
  4 giant cockroaches
  10 goblins
  10 hobgoblins
  7 kobolds
  4 quokkas
  A ball python (D:1)
  9 bats
  5 frilled lizards
  2 leopard gecko skeletons
  A quokka zombie (D:5)
  5 rats
169 creatures vanquished.

Vanquished Creatures (others)
  An orc wizard (D:3)
  A leopard gecko (D:3)
  3 orcs (D:3)
  A plant (D:1)
6 creatures vanquished.

Grand Total: 175 creatures vanquished

Notes
Turn   | Place    | Note
-------+----------+-------------------------------------------
     0 | D:1      | southernslant the Halfling Skald began the quest for the
                  | Orb.
     0 | D:1      | Reached XP level 1. HP: 14/14 MP: 3/3
    46 | D:1      | Reached XP level 2. HP: 13/19 MP: 4/4
   148 | D:1      | Learned a level 2 spell: Song of Slaying
   327 | D:1      | Found an iron altar of Okawaru.
   333 | D:1      | Reached XP level 3. HP: 23/24 MP: 5/5
   334 | D:1      | Found a shimmering altar of Xom.
   334 | D:1      | Found a shimmering altar of Xom.
   339 | D:1      | Found a blossoming altar of Fedhas.
   339 | D:1      | Found a basalt altar of Yredelemnul.
   339 | D:1      | Found a stormy altar of Qazlal.
   410 | D:1      | Reached skill level 1 in Slings
  1066 | D:2      | Reached XP level 4. HP: 29/29 MP: 6/6
  1219 | D:2      | You fall into a shaft and drop 2 floors!
  1375 | D:4      | Reached skill level 2 in Slings
  1379 | D:4      | Noticed a phantom
  1440 | D:3      | HP: 2/45 [poisoned by a kobold]
  1447 | D:3      | HP: 2/45 [poisoned by a kobold]
  1453 | D:3      | HP: 1/45 [poisoned by a kobold]
  1457 | D:3      | Reached XP level 5. HP: 2/35 MP: 4/7
  1895 | D:3      | Noticed Terence
  1928 | D:3      | Killed Terence
  2791 | D:2      | Found a shattered altar of Ashenzari.
  2887 | D:2      | Noticed Robin
  2908 | D:2      | Killed Robin
  3060 | D:2      | Reached skill level 3 in Slings
  3171 | D:2      | Found a runed translucent door.
  3172 | D:2      | Noticed Crazy Yiuf
  3380 | D:2      | Reached XP level 6. HP: 41/41 MP: 8/8
  4166 | D:4      | HP: 3/63 [phantom (5)]
  4177 | D:4      | Killed a phantom
  4400 | D:4      | Learned a level 2 spell: Shroud of Golubria
  4577 | D:4      | Reached XP level 7. HP: 45/46 MP: 10/10
  4876 | D:5      | Entered Level 5 of the Dungeon
  5002 | D:5      | Reached skill level 4 in Slings
  5144 | D:5      | Found a shadowy altar of Dithmenos.
  5152 | D:5      | Found a sacrificial altar of Ru.
  5153 | D:5      | Found a burning altar of Makhleb.
  5156 | D:5      | Found a hazy altar of Hepliaklqana.
  5685 | D:5      | Reached skill level 1 in Translocations
  5739 | D:6      | Reached XP level 8. HP: 47/54 MP: 6/12
  5874 | D:6      | Identified the +2 leather armour of the Morning {Int+2
                  | Stlth+}
  5945 | D:6      | Reached skill level 5 in Slings
  5952 | D:6      | Noticed Eustachio
  6383 | D:6      | Killed Eustachio
  6518 | D:6      | Found a staircase to the Ecumenical Temple.
  6558 | D:6      | HP: 2/54 [orc priest/divine providence (9)]
  6807 | Temple   | Entered the Ecumenical Temple
  6898 | Temple   | Became a worshipper of Sif Muna the Loreminder
  7032 | D:7      | Reached XP level 9. HP: 59/59 MP: 6/14
  7092 | D:7      | Reached skill level 1 in Invocations
  7227 | D:6      | Learned a level 3 spell: Regeneration
  7381 | D:7      | Noticed Harold
  7586 | D:8      | Killed Harold
  7586 | D:8      | Reached skill level 6 in Slings
  7586 | D:8      | Reached skill level 5 in Armour
  7586 | D:8      | Reached skill level 5 in Dodging
  7635 | D:8      | Reached skill level 5 in Fighting
  7650 | D:8      | Reached XP level 10. HP: 12/66 MP: 10/16
  7886 | D:8      | Noticed a two-headed ogre
  7917 | D:8      | Killed a two-headed ogre
  7917 | D:8      | Reached skill level 5 in Short Blades
  7931 | D:8      | Reached skill level 5 in Translocations
  7941 | D:8      | HP: 2/66 [gnoll/+0 flail (4)]
  7959 | D:8      | Reached skill level 5 in Charms
  8208 | D:8      | Reached * piety under Sif Muna
  8381 | D:8      | Annihilated by a titanic slime creature

Levels and vault maps discovered:
D:1:      roderic_crop_circles_arrival_small, layout_loops_ring, st_stairs_9,
          doesnt_xom_only_xom
D:2:      layout_loops_ring, lemuel_round_altar, minmay_crystal_room,
          uniq_robin, uniq_crazy_yiuf_cottage
D:3:      layout_basic, minmay_misc_feat_hallway, uniq_terence
D:4:      layout_loops_cross, hangedman_glass_teeth, minmay_between
D:5:      layout_rooms, minitemple, first_ration
D:6:      layout_basic, minmay_temple_entry_tees, uniq_eustachio
D:7:      layout_cave_pools, uniq_harold
D:8:      layout_loops_ring, trog_ov_bears_minmay, serial_shops, shop,
          basic_altar, grunt_ogre_cave
Temple:   compressed_dpeg_circular_temple

Skill      XL: |  1  2  3  4  5  6  7  8  9 10 |
---------------+-------------------------------+-----
Fighting       | 2 3 4 5 |  5.3
Short Blades   | 3 4 5 |  5.1
Slings         | 1 2 3 4 5 6 |  6.6
Armour         | 2 3 4 5 |  5.4
Dodging        | 3 4 5 |  5.5
Spellcasting   | 2 3 4 |  4.7
Translocations | 1 2 4 5 |  5.1
Charms         | 4 5 |  5.0
Invocations    | 3 4 |  4.2

Action                   |  1- 3 |  4- 6 |  7- 9 | 10-12 || total
-------------------------+-------+-------+-------+-------++-------
Melee: Short sword       |    12 |    44 |    72 |       ||   128
       Dagger            |       |    15 |       |       ||    15
       Rapier            |       |       |   195 |    78 ||   273
 Fire: Hunting sling     |    91 |   249 |   160 |       ||   500
Throw: Dart              |       |    13 |     5 |     8 ||    26
       Stone             |       |     4 |       |     3 ||     7
 Cast: Infusion          |     1 |    16 |    30 |     4 ||    51
       Song of Slaying   |       |     6 |     8 |     3 ||    17
       Shroud of Golubri |       |       |    20 |     3 ||    23
       Regeneration      |       |       |       |     9 ||     9
  Use: Potion            |       |     6 |     6 |       ||    12
       Scroll            |       |     3 |       |     3 ||     6
 Stab: Sleeping          |       |       |     2 |     1 ||     3
  Eat: Chunk             |       |     9 |     8 |     5 ||    22
       Ration            |       |     1 |     1 |       ||     2
Armor: Leather armour    |    14 |    28 |    96 |    15 ||   153
       Skin              |       |    12 |     4 |       ||    16
Dodge: Dodged            |    36 |   147 |   325 |    87 ||   595
